[Event "*** SCC Grand Prix: Titled Tuesday Blitz"]
[Site "Chess.com"]
[Date "2020.08.04"]
[Round "1"]
[White "DishonorOnYourCow"]
[Black "Sven_Tica"]
[Result "0-1"]
[WhiteElo "2291"]
[BlackElo "2629"]
[TimeControl "180+1"]
[EndTime "13:50:33 PDT"]
[Termination "Sven_Tica won by resignation"]

1. d4 d5 2. c4 e6 3. Nc3 Nf6 4. cxd5 exd5 5. Bg5 c6 6. e3 Be6 7. Bd3 Nbd7 8. Qc2 h6 9. Bh4 g5 10. Bg3 Nh5 11. Nge2 Nxg3 12. hxg3 Bd6 13. e4 dxe4 14. Nxe4 Bb4+ 15. N2c3 Qe7 16. a3 Bxc3+ 17. Nxc3 Nf6 18. O-O-O O-O-O 19. Bf5 Kb8 20. Rhe1 Rd6 21. Bxe6 Rxe6 22. Rxe6 Qxe6 23. Qd2 Rd8 24. Re1 Qc4 25. Qe3 Qxd4 26. Qe7 Re8 27. Qxe8+ Nxe8 28. Rxe8+ Kc7 29. Re7+ Kb6 30.
Rxf7 a5 31. Rf3 Qc4 32. Re3 Qf1+ 33. Kc2 Qxf2+ 34. Re2 Qxg3 35. Ne4 Qg4 36. Kd3 h5 37. Nd6 Qd7 0-1

[Event "*** SCC Grand Prix: Titled Tuesday Blitz"]
[Site "Chess.com"]
[Date "2020.08.04"]
[Round "1"]
[White "Char_dasha"]
[Black "Anton_Demchenko"]
[Result "0-1"]
[WhiteElo "2415"]
[BlackElo "2828"]
[TimeControl "180+1"]
[EndTime "13:50:35 PDT"]
[Termination "Anton_Demchenko won by resignation"]

1. c4 Nf6 2. Nc3 d6 3. g3 g6 4. Bg2 Bg7 5. Nf3 O-O 6. O-O Nbd7 7. d4 e5 8. e4 exd4 9. Nxd4 Re8 10. h3 Nc5 11.
Re1 Bd7 12. Rb1 h6 13. b4 Ne6 14. Be3 Ng5 15. Bxg5 hxg5 16. Qd3 g4 17. h4 Nh5 18. Rbd1 Be5 19. Nd5 c6 20. Ne3 Nxg3 21. fxg3 Bxg3 22.
Nef5 Bxe1 23. Nxd6 Qxh4 24. Nxe8 Rxe8 25. Nc2 Bf2+ 26.
Kf1 Be6 27. e5 b5 28. cxb5 Bb6 29. Nd4 cxb5 30. Rd2 Bc4 0-1

[Event "*** SCC Grand Prix: Titled Tuesday Blitz"]
[Site "Chess.com"]
[Date "2020.08.04"]
[Round "1"]
[White "Maghalashvili"]
[Black "WeAintSurePal"]
[Result "1-0"]
[WhiteElo "2747"]
[BlackElo "2370"]
[TimeControl "180+1"]
[EndTime "13:50:36 PDT"]
[Termination "Maghalashvili won by checkmate"]

1. Nf3 d5 2. g3 Nf6 3. Bg2 g6 4. O-O Bg7 5. c4 c6 6. cxd5 cxd5 7. d4 O-O 8. Ne5 Ng4 9. Nf3 Nf6 10. Nc3 Ne4 11. Ng5 Nxc3 12. bxc3 Nc6 13. e4 e6 14.
e5 Na5 15. h4 h6 16. Nh3 b6 17. Re1 Ba6 18. Bf4 Rc8 19. Qc1 Kh7 20. h5 Qc7 21.
Re3 Nc4 22. Rf3 Na5 23. g4 gxh5 24. g5 Be2 25. gxh6 Bxf3 26. hxg7 Bxg2 27. gxf8=Q Rxf8 28. Ng5+ Kh8 29. Kxg2 Rg8 30. Qd1 Qe7 31. Qxh5+ Kg7 32.
Nh7 Kh8+ 33. Kf3 Rg6 34. Rh1 Kg7 35. Nf6 Kf8 36. Qh8+ Rg8 37. Qxg8# 1-0

[Event "*** SCC Grand Prix: Titled Tuesday Blitz"]
[Site "Chess.com"]
[Date "2020.08.04"]
[Round "1"]
[White "Marreuh"]
[Black "SilviusTiberius"]
[Result "0-1"]
[WhiteElo "2116"]
[BlackElo "2522"]
[TimeControl "180+1"]
[EndTime "13:50:40 PDT"]
[Termination "SilviusTiberius won by resignation"]

1. e4 c5 2. c3 Nf6 3. e5 Nd5 4. d4 cxd4 5. cxd4 Nc6 6. Nf3 d6 7. Bc4 Nb6 8. Bb3 dxe5 9. d5 Na5 10. Nc3 f6 11. Be3 g6 12. O-O Bg7 13. a4 Nbc4 14. Ba2 Nxe3 15. fxe3 b6 16. Ne4 Nb7 17. Qc2 Bd7 18.
Rfd1 Rc8 19. Qb3 Nd6 20. Nfd2 f5 21. Nxd6+ exd6 22. Nc4 Qe7 23. Qb4 Rc5 24. a5 b5 25.
Na3 Bh6 26. Kf2 O-O 27. Rac1 f4 28. e4 Rxc1 29. Rxc1 f3 30. Rc7 Qh4+ 31. g3 Qxh2+ 32. Kf1 0-1

[Event "*** SCC Grand Prix: Titled Tuesday Blitz"]
[Site "Chess.com"]
[Date "2020.08.04"]
[Round "1"]
[White "DaggiGretarsson"]
[Black "AJSC02"]
[Result "1-0"]
[WhiteElo "2612"]
[BlackElo "2270"]
[TimeControl "180+1"]
[EndTime "13:50:41 PDT"]
[Termination "DaggiGretarsson won by resignation"]

1. d4 Nf6 2. c4 g6 3. Nc3 Bg7 4. e4 d6 5. f4 O-O 6. Nf3 e5 7. dxe5 dxe5 8. Qxd8 Rxd8 9. Nxe5 Na6 10. Be3 Nb4 11.
Rc1 Ng4 12. Nxg4 Bxg4 13. Kf2 Nd3+ 14. Bxd3 Rxd3 15. e5 Rad8 16. Ne4 Bf5 17. Nc5 Rd2+ 18. Bxd2 Rxd2+ 19. Kf3 h5 20. h3 Rxb2 21. g4 hxg4+ 22. hxg4 Bc8 23. Rcd1 Bf8 24. Rd8 Kg7 25. Rxc8 Bxc5 26.
Rch8 Rf2+ 27. Kg3 g5 28. f5 1-0

[Event "*** SCC Grand Prix: Titled Tuesday Blitz"]
[Site "Chess.com"]
[Date "2020.08.04"]
[Round "1"]
[White "mortngabriel"]
[Black "VincentKeymer"]
[Result "0-1"]
[WhiteElo "2439"]
[BlackElo "2881"]
[TimeControl "180+1"]
[EndTime "13:50:44 PDT"]
[Termination "VincentKeymer won on time"]

1. d4 Nf6 2. Nf3 e6 3. g3 d5 4. Bg2 b5 5. O-O Nbd7 6. a4 b4 7. c4 bxc3 8. bxc3 Bb7 9. c4 dxc4 10. Na3 c3 11. Bg5 Be7 12. Nb5 O-O 13. Nxc3 c5 14. Rb1 Bc6 15. e3 Rc8 16. Nb5 Qa5 17. Qe1 Qxa4 18. Nc3 Qa6 19. Qd2 Rfd8 20. Ra1 Qb7 21.
Rfb1 Qa8 22. Ne1 Bxg2 23. Nxg2 cxd4 24. exd4 h6 25. Bf4 Qc6 26. Rc1 Bb4 0-1

[Event "*** SCC Grand Prix: Titled Tuesday Blitz"]
[Site "Chess.com"]
[Date "2020.08.04"]
[Round "1"]
[White "xberli"]
[Black "Ermito2020"]
[Result "0-1"]
[WhiteElo "2310"]
[BlackElo "2672"]
[TimeControl "180+1"]
[EndTime "13:50:45 PDT"]
[Termination "Ermito2020 won by resignation"]

1. e4 e5 2. Nf3 Nc6 3. Bb5 a6 4. Ba4 Nf6 5. O-O b5 6. Bb3 Bc5 7. c3 d6 8. d4 Bb6 9. a4 Rb8 10. a5 Ba7 11. Be3 O-O 12. Qe2 exd4 13. cxd4 Bg4 14.
Rd1 Re8 15. Nc3 Nxe4 16. Nxe4 Rxe4 17. Qc2 Qe8 18. Bd5 Rxe3 19. fxe3 Qxe3+ 20. Qf2 Qxf2+ 21. Kxf2 Bxf3 22. gxf3 Nxd4 23. Kg2 Nc2 24. Rac1 Ne3+ 25. Kh3 Nxd1 26. Rxd1 Kf8 27. Rc1 c5 28. Re1 c4 0-1

[Event "*** SCC Grand Prix: Titled Tuesday Blitz"]
[Site "Chess.com"]
[Date "2020.08.04"]
[Round "1"]
[White "Micki-taryan"]
[Black "StockholmMissile"]
[Result "1-0"]
[WhiteElo "3053"]
[BlackElo "2476"]
[TimeControl "180+1"]
[EndTime "13:50:46 PDT"]
[Termination "Micki-taryan won by resignation"]

1. Nf3 d5 2. e3 Nf6 3. b3 Bg4 4. Bb2 Nbd7 5. h3 Bh5 6. c4 e6 7.
Nc3 Be7 8. Be2 c6 9. g4 Bg6 10. h4 Nxg4 11. h5 Bf5 12. Nd4 Nh6 13. cxd5 cxd5 14.
Rc1 a6 15. Nxf5 Nxf5 16. Bd3 Bf6 17. Bxf5 exf5 18. Qf3 d4 19. Nd5 dxe3 20. Qxe3+ Kf8 21. Nxf6 Nxf6 22. h6 Ne8 23. Rg1 f6 24. hxg7+ Nxg7 25. Qc5+ Kg8 26. Qc7 Qe8+ 27. Kf1 Qb5+ 28. Rc4 1-0

[Event "*** SCC Grand Prix: Titled Tuesday Blitz"]
[Site "Chess.com"]
[Date "2020.08.04"]
[Round "1"]
[White "Lion-Al-Messi"]
[Black "Azerichess"]
[Result "0-1"]
[WhiteElo "2471"]
[BlackElo "3012"]
[TimeControl "180+1"]
[EndTime "13:50:46 PDT"]
[Termination "Azerichess won by resignation"]

1. d4 Nf6 2. Nf3 g6 3. Nc3 d5 4. Bg5 Bg7 5. e3 a6 6. Bd3 c5 7.
dxc5 Nbd7 8. O-O Nxc5 9. Be2 Nce4 10. Nxe4 Nxe4 11. Bf4 Bxb2 12. Rb1 Nc3 13. Qd2 Nxb1 14. Rxb1 Bg7 15. Be5 Bxe5 16. Nxe5 O-O 17. Qd4 Qd6 18. Rb6 Qc7 19. h4 Bf5 20. h5 Rac8 21. hxg6 hxg6 22. f4 Qc3 23. Rxb7 Qxd4 24. exd4 Rxc2 25. Bf3 Be4 26. Rxe7 Bxf3 27. gxf3 Rb8 28. Nd3 Rb1+ 29. Re1 Rxe1+ 30. Nxe1 Rxa2 31. Nd3 a5 32. Nc5 a4 33.
Kf1 a3 34. Ke1 Rb2 0-1

[Event "*** SCC Grand Prix: Titled Tuesday Blitz"]
[Site "Chess.com"]
[Date "2020.08.04"]
[Round "1"]
[White "Mazetovic"]
[Black "Justinz"]
[Result "1-0"]
[WhiteElo "2698"]
[BlackElo "2342"]
[TimeControl "180+1"]
[EndTime "13:50:46 PDT"]
[Termination "Mazetovic won by resignation"]

1. e4 c5 2. Nf3 d6 3. Bb5+ Nd7 4. c3 a6 5. Ba4 Nf6 6. Qe2 b5 7. Bc2 c4 8. b3 cxb3 9. axb3 Bb7 10. d4 e5 11. O-O Be7 12. Nbd2 Rc8 13. Bb2 O-O 14.
d5 Nh5 15. g3 g6 16. Ne1 Ng7 17. f3 f5 18. Ng2 Nc5 19. b4 Nd7 20. Nb3 Nb6 21.
Na5 Qd7 22. Bb3 g5 23. Qe3 Nc4 24. Nxc4 bxc4 25. Bc2 g4 26. fxg4 fxe4 27. Qxe4 1-0

[Event "*** SCC Grand Prix: Titled Tuesday Blitz"]
[Site "Chess.com"]
[Date "2020.08.04"]
[Round "1"]
[White "afgano29"]
[Black "j_coca"]
[Result "1-0"]
[WhiteElo "2656"]
[BlackElo "2300"]
[TimeControl "180+1"]
[EndTime "13:50:48 PDT"]
[Termination "afgano29 won by resignation"]

1. d4 f5 2. Nf3 Nf6 3. g3 g6 4. Bg2 Bg7 5. O-O O-O 6. b3 d6 7.
Bb2 Kh8 8. Na3 a6 9. Nc4 Nc6 10. a4 Qe8 11. d5 Nd8 12. a5 e5 13. dxe6 Bxe6 14. Nfd2 d5 15. Ne5 c6 16. Nd3 Nf7 17. Nc5 Nd6 18. Nf3 Nfe4 19. Bxg7+ Kxg7 20. Nd3 h6 21.
Nd4 Bd7 22. f3 Nf6 23. Qd2 Rc8 24. Nc5 Rc7 25. Rae1 Bc8 26. Qc3 Re7 27. e3 Kh7 28. Re2 Qf7 29. Rfe1 Rfe8 30. Qb4 Rd8 31. Rd1 Kh8 32.
Kf2 g5 33. Red2 g4 34. f4 Nfe4+ 35. Bxe4 fxe4 36. Nxa6 bxa6 37. Nxc6 Rdd7 38. Nxe7 Qh5 39. Kg1 Bb7 40. Nxd5 Nb5 41. Qf8+ 1-0

[Event "*** SCC Grand Prix: Titled Tuesday Blitz"]
[Site "Chess.com"]
[Date "2020.08.04"]
[Round "1"]
[White "SantoBlue"]
[Black "Manukyan_Artak"]
[Result "1-0"]
[WhiteElo "2923"]
[BlackElo "2450"]
[TimeControl "180+1"]
[EndTime "13:50:49 PDT"]
[Termination "SantoBlue won by resignation"]

1. e4 c6 2. d4 d5 3. Nc3 dxe4 4.
Nxe4 Nf6 5. Nxf6+ exf6 6. c3 Bd6 7. Bd3 O-O 8. Qc2 h5 9. Ne2 Qc7 10. Be3 c5 11. dxc5 Bxc5 12. Bxc5 Qxc5 13. O-O Nc6 14.
Rad1 Be6 15. Nf4 Rad8 16. Rfe1 Bg4 17. Bh7+ Kh8 18. Rxd8 Rxd8 19. h3 Bc8 20. Be4 Re8 21.
Qd1 Qe5 22. Nd3 Qb5 23. a4 Qg5 24. Bxc6 Rxe1+ 25. Qxe1 bxc6 26. Qe8+ Kh7 27. Qxc8 Qd2 28. Qf5+ g6 29. Qf3 f5 30. h4 Qc2 31. a5 Qa4 32. g3 Qxa5 33. Qxc6 Qa1+ 34. Kg2 Qb1 35. Qc4 Kg7 36.
Ne5 Kf6 37. Nxf7 Qxb2 38. Ng5 Qb7+ 39. Kh2 Kg7 40. Qd4+ Kg8 41. c4 Qb6 42. Qxb6 axb6 43. Ne6 Kf7 44. Nf4 Kf6 45. Nd5+ 1-0

[Event "*** SCC Grand Prix: Titled Tuesday Blitz"]
[Site "Chess.com"]
[Date "2020.08.04"]
[Round "1"]
[White "spacegirl987"]
[Black "FMJoseHerrera"]
[Result "0-1"]
[WhiteElo "1948"]
[BlackElo "2495"]
[TimeControl "180+1"]
[EndTime "13:50:54 PDT"]
[Termination "FMJoseHerrera won on time"]

1. e4 f6 2. d4 g6 3. Bd3 Kf7 4. Nc3 Kg7 5. Be3 d6 6. Qd2 e5 7. dxe5 dxe5 8. Nf3 Bg4 9. O-O-O Nc6 10. h3 Bxf3 11.
gxf3 Bb4 12. f4 Nge7 13. fxe5 Nxe5 14. f4 Nxd3+ 15. Qxd3 Qe8 16. Qc4 Bxc3 17. Qxc3 Nc6 18. f5 Rd8 19. Rxd8 Qxd8 20. Rd1 Qe7 21. Bc5 Qf7 22.
Rg1 Re8 23. fxg6 hxg6 24. Qe3 Qxa2 25. Qg3 Ne5 26. Bd4 Rd8 0-1

[Event "*** SCC Grand Prix: Titled Tuesday Blitz"]
[Site "Chess.com"]
[Date "2020.08.04"]
[Round "1"]
[White "eightbyeightchess"]
[Black "Andreikka"]
[Result "0-1"]
[WhiteElo "2419"]
[BlackElo "2839"]
[TimeControl "180+1"]
[EndTime "13:50:55 PDT"]
[Termination "Andreikka won on time"]

1. e4 d5 2. exd5 Qxd5 3. Nc3 Qa5 4. h3 c6 5. Nf3 Bf5 6. d4 e6 7. Bd3 Nf6 8. O-O Nbd7 9. Bf4 Be7 10. Re1 Bxd3 11.
Qxd3 O-O 12. Ne5 Rad8 13. Qf3 Qb4 14. Ne4 Nxe4 15. Qxe4 Nf6 16. Qf3 Qxd4 17. c3 Qd5 18. Qe3 Bc5 19. Qe2 Bb6 20. Bg5 Kh8 21. Rad1 Qxa2 22.
Bxf6 gxf6 23. Nd7 Rg8 24. Nxf6 Rg6 25. Qe5 Qxb2 26. Nd7+ Kg8 27. Nf6+ Kf8 28. Nxh7+ Ke7 29. Qf4 Qxc3 0-1

[Event "*** SCC Grand Prix: Titled Tuesday Blitz"]
[Site "Chess.com"]
[Date "2020.08.04"]
[Round "1"]
[White "ZEN-22"]
[Black "LimaRR"]
[Result "1-0"]
[WhiteElo "2511"]
[BlackElo "2073"]
[TimeControl "180+1"]
[EndTime "13:50:55 PDT"]
[Termination "ZEN-22 won on time"]

1. e3 Nf6 2. Ne2 d5 3. d4 c5 4.
c4 e6 5. cxd5 Nxd5 6. a3 Nc6 7.
dxc5 Bxc5 8. b4 Be7 9. Bb2 O-O 10. e4 Nb6 11. Qxd8 Rxd8 12. Nbc3 Nc4 13. Bc1 Bf6 14.
Ra2 N6e5 15. Ng3 Nd3+ 16. Bxd3 Rxd3 17. Nce2 e5 18. Rc2 Be6 19. Nc3 Rc8 20. Nd5 Bxd5 21. exd5 Rxd5 22. Ne4 b5 23. Nxf6+ gxf6 24. Ke2 Nd6 25.
Rxc8+ Nxc8 26. Bh6 Nb6 27. Rc1 Nc4 28. a4 a6 29.
axb5 axb5 30. Ra1 Rd8 31. Ra6 Rb8 32. Rxf6 Re8 33. Rc6 f5 34. Rc7 Rd8 35. Rg7+ Kh8 36. Rf7 Kg8 37. Rxf5 1-0

[Event "*** SCC Grand Prix: Titled Tuesday Blitz"]
[Site "Chess.com"]
[Date "2020.08.04"]
[Round "1"]
[White "Jenia84"]
[Black "Pultis"]
[Result "0-1"]
[WhiteElo "2359"]
[BlackElo "2722"]
[TimeControl "180+1"]
[EndTime "13:50:56 PDT"]
[Termination "Pultis won by resignation"]

1. Nf3 Nf6 2. d4 g6 3. c4 Bg7 4. Nc3 d5 5. cxd5 Nxd5 6. e4 Nxc3 7. bxc3 c5 8. Be3 O-O 9. Be2 Qa5 10. Qd2 Bg4 11.
Rd1 Nc6 12. O-O Rfd8 13. d5 Bxc3 14. Qc2 Bxf3 15. Bxf3 Nd4 16. Qc1 Nxf3+ 17. gxf3 Rac8 18. f4 b5 19. e5 b4 20. Qc2 Bd4 21. Qc4 Qa3 22.
Rd3 Qb2 23. Bxd4 cxd4 24. Qxd4 Qxa2 25. Ra1 Qe2 26. Re3 Qg4+ 27. Rg3 Qe2 28. Re3 Qb5 29. Rxa7 Rc1+ 30. Kg2 Rxd5 31. Ra8+ Kg7 32. Qb2 Qf1+ 33. Kg3 Qg1+ 34. Kh3 h5 35. e6+ f6 36. Rg3 Qf1+ 37.
Rg2 Rd3+ 0-1

[Event "*** SCC Grand Prix: Titled Tuesday Blitz"]
[Site "Chess.com"]
[Date "2020.08.04"]
[Round "1"]
[White "SamuelGhimpu2003"]
[Black "MVM2008"]
[Result "1-0"]
[WhiteElo "2554"]
[BlackElo "2209"]
[TimeControl "180+1"]
[EndTime "13:50:57 PDT"]
[Termination "SamuelGhimpu2003 won by resignation"]

1. f4 e5 2. fxe5 d6 3. exd6 Bxd6 4. Nf3 g5 5. g3 g4 6. Nh4 Nc6 7. e4 Nf6 8. Nc3 Qe7 9. Bg2 Bd7 10. O-O O-O-O 11. d3 Bc5+ 12. Kh1 Nh5 13. Nd5 Qe5 14. c3 Be6 15. d4 Nxd4 16. cxd4 Bxd4 17. Nf5 Bc5 18.
Qxg4 Kb8 19. Qxh5 Rxd5 20. exd5 Bxd5 21. Bxd5 Qxd5+ 22. Qf3 Qe5 23. Bf4 Qxb2 24. a4 Re8 25. Rae1 Rd8 26. Rd1 Re8 27. Rfe1 Rh8 28. Qd5 1-0

[Event "*** SCC Grand Prix: Titled Tuesday Blitz"]
[Site "Chess.com"]
[Date "2020.08.04"]
[Round "1"]
[White "Gareth-Bale11"]
[Black "ChronicUnhappiness"]
[Result "1-0"]
[WhiteElo "2758"]
[BlackElo "2387"]
[TimeControl "180+1"]
[EndTime "13:50:59 PDT"]
[Termination "Gareth-Bale11 won by resignation"]

1. e4 d6 2. Nf3 Nf6 3. Nc3 g6 4.
d4 Bg7 5. Be2 O-O 6. O-O a6 7.
a4 Nc6 8. d5 Nb8 9. Re1 Bg4 10.
h3 Bxf3 11. Bxf3 c6 12. a5 cxd5 13. exd5 Nbd7 14. Be2 Rc8 15. Ra3 Re8 16. Bf1 Qc7 17. Bg5 Ne5 18. Qd2 Nc4 19. Bxc4 Qxc4 20. Rb3 Qc7 21. Re2 Rb8 22. Na4 Qd8 23. Rbe3 Rc8 24. b3 h6 25. Bf4 Nd7 26. Bxd6 Bf6 27. Bf4 h5 28. c4 Nc5 29. Nb6 Rc7 1-0

[Event "*** SCC Grand Prix: Titled Tuesday Blitz"]
[Site "Chess.com"]
[Date "2020.08.04"]
[Round "1"]
[White "Msb2"]
[Black "goldenpuppy"]
[Result "1-0"]
[WhiteElo "2809"]
[BlackElo "2411"]
[TimeControl "180+1"]
[EndTime "13:51:00 PDT"]
[Termination "Msb2 won by checkmate"]

1. d4 Nf6 2. c4 e6 3. Nc3 Bb4 4. e3 O-O 5. Bd2 d5 6. Nf3 c5 7. a3 Bxc3 8. Bxc3 Nc6 9. dxc5 Qe7 10. b4 dxc4 11. Bxc4 e5 12. h3 e4 13. Nd4 Ne5 14.
Be2 Be6 15. O-O Rad8 16. Qc2 Qd7 17. Nxe6 Qxe6 18. Rad1 Qf5 19. Bxe5 Qxe5 20. Rxd8 Rxd8 21. Rd1 Rxd1+ 22. Qxd1 h6 23. Qd4 Qc7 24. Bc4 Kh7 25. Bd5 Qe7 26. b5 Kg8 27. a4 Qd7 28. Bc4 Qc7 29. g3 Qa5 30. Kg2 h5 31. c6 bxc6 32.
bxc6 h4 33. g4 Qc7 34. g5 Ne8 35. Qd7 Qe5 36. Qxf7+ Kh7 37. Qh5# 1-0

[Event "*** SCC Grand Prix: Titled Tuesday Blitz"]
[Site "Chess.com"]
[Date "2020.08.04"]
[Round "1"]
[White "ajdemipopushi"]
[Black "SiddharthGMJagadeesh"]
[Result "0-1"]
[WhiteElo "2258"]
[BlackElo "2595"]
[TimeControl "180+1"]
[EndTime "13:51:00 PDT"]
[Termination "SiddharthGMJagadeesh won on time"]

1. Nf3 d5 2. g3 Nf6 3. c4 e6 4. Bg2 dxc4 5. Na3 Bxa3 6. Qa4+ Bd7 7. Qxa3 Bc6 8. O-O Nbd7 9. b3 cxb3 10. axb3 Qe7 11. Qxe7+ Kxe7 12. Ba3+ Ke8 13. d3 Bxf3 14. Bxf3 c6 15. e4 e5 16. Bg2 Kd8 17. f4 exf4 18.
gxf4 Kc7 19. e5 Ne8 20. d4 Nb6 21. Rfc1 Rd8 22. Bc5 a6 23. f5 Nd5 24. Ra2 Kb8 25. Kf2 Nec7 26. Bd6 Ka8 0-1

[Event "*** SCC Grand Prix: Titled Tuesday Blitz"]
[Site "Chess.com"]
[Date "2020.08.04"]
[Round "1"]
[White "KaterynaLagno"]
[Black "Batsai"]
[Result "1-0"]
[WhiteElo "2715"]
[BlackElo "2358"]
[TimeControl "180+1"]
[EndTime "13:51:02 PDT"]
[Termination "KaterynaLagno won by resignation"]

1. e4 c5 2. Nf3 d6 3. Bb5+ Nd7 4.
O-O a6 5. Bd3 g6 6. c3 Bg7 7. Bc2 Ngf6 8. d4 O-O 9. Re1 cxd4 10. cxd4 Nb6 11. Nc3 Bg4 12. h3 Bxf3 13. Qxf3 Nfd7 14.
Qd1 Rc8 15. Bb3 Nc4 16. Qe2 Na5 17. Be3 Nxb3 18. axb3 Nb8 19. Rac1 Nc6 20. d5 Nd4 21. Qd1 Qb6 22. Ra1 e5 23. dxe6 fxe6 24. Ra4 e5 25. Nd5 Qd8 26. Rc4 Rf7 27. Qd3 b5 28. Rxc8 Qxc8 29.
Rc1 Qf8 30. Nb6 Bh6 31. Rc8 1-0

[Event "*** SCC Grand Prix: Titled Tuesday Blitz"]
[Site "Chess.com"]
[Date "2020.08.04"]
[Round "1"]
[White "Klavdia_Nik"]
[Black "Alexandr_Kholin"]
[Result "0-1"]
[WhiteElo "2007"]
[BlackElo "2501"]
[TimeControl "180+1"]
[EndTime "13:51:02 PDT"]
[Termination "Alexandr_Kholin won on time"]

1. Nf3 e6 2. c4 Nf6 3. b3 Be7 4. Bb2 O-O 5. g3 d5 6. Bg2 c5 7. O-O Nc6 8. d3 d4 9. Nbd2 e5 10. b4 cxb4 11. a3 a5 12. axb4 Bxb4 13. Ba3 Qe7 14. Bxb4 Nxb4 15. Ng5 Ra7 16. Qb3 Nd7 17. Qa3 Nc5 18. Ngf3 f6 19. Rfc1 b6 20. Nb3 Be6 21. Ne1 Nxb3 22. Qxb3 Rb8 23. Nc2 Na6 24. Na3 Nc5 25. Qc2 Rd7 26. Nb5 h5 27. Rcb1 Rdd8 28. Rb2 h4 29. Rab1 Bf5 30. Na3 e4 31.
Rd1 hxg3 32. hxg3 e3 33. f4 g5 34. Rf1 g4 35. Nb5 Kg7 36. Ra1 Kg6 37. Na3 Rh8 38. Rab1 Qh7 39. Rxb6 Rxb6 40. Rxb6 Qh2+ 41. Kf1 Qxg3 0-1

[Event "*** SCC Grand Prix: Titled Tuesday Blitz"]
[Site "Chess.com"]
[Date "2020.08.04"]
[Round "1"]
[White "MPGM"]
[Black "CzechmVIII"]
[Result "1-0"]
[WhiteElo "2543"]
[BlackElo "2160"]
[TimeControl "180+1"]
[EndTime "13:51:04 PDT"]
[Termination "MPGM won on time"]

1. d4 Nf6 2. c4 c5 3. Nf3 cxd4 4.
Nxd4 e5 5. Nb5 d5 6. cxd5 Bc5 7. e3 O-O 8. N5c3 e4 9. Be2 Qe7 10. b3 Rd8 11. O-O Nc6 12. Bb2 Ne5 13. Nd2 Bf5 14. Nc4 Nxc4 15. bxc4 a6 16. a4 Rac8 17. a5 Bb4 18.
Qb3 Nd7 19. Rfd1 Bd6 20. Na4 Nc5 21. Nxc5 Bxc5 22. Qc3 f6 23. Qb3 Bd6 24. Rac1 Qc7 25. c5 Bxh2+ 26. Kh1 Be5 27. d6+ Qf7 28. Bc4 1-0

[Event "*** SCC Grand Prix: Titled Tuesday Blitz"]
[Site "Chess.com"]
[Date "2020.08.04"]
[Round "1"]
[White "wannabe2700"]
[Black "Ole83"]
[Result "1-0"]
[WhiteElo "2673"]
[BlackElo "2310"]
[TimeControl "180+1"]
[EndTime "13:51:10 PDT"]
[Termination "wannabe2700 won by resignation"]

1. d4 Nf6 2. c4 e6 3. Nc3 Bb4 4. e3 O-O 5. Bd2 b6 6. Nf3 Bb7 7. Bd3 Bxc3 8. Bxc3 Ne4 9. Qc2 f5 10. O-O-O d6 11. d5 Nxc3 12. Qxc3 e5 13. e4 f4 14. h4 h6 15. h5 Nd7 16. Nh4 Nc5 17. Nf5 a5 18.
Rdg1 Qg5 19. f3 a4 20. Kb1 b5 21. cxb5 Rxf5 22. exf5 Bxd5 23. Bc4 Qxf5+ 24. Kc1 Qf7 25. Bxd5 Qxd5 26. Kb1 Rb8 27. g3 Rxb5 28. gxf4 a3 29. Rh2 axb2 30. fxe5 dxe5 31. Rd2 Na4 32. Qxc7 Qf7 33.
Rd8+ Kh7 34. Qc2+ e4 35. Qxa4 Re5 36. Qa8 1-0

[Event "*** SCC Grand Prix: Titled Tuesday Blitz"]
[Site "Chess.com"]
[Date "2020.08.04"]
[Round "1"]
[White "GM_LOADING"]
[Black "Chessbard1972"]
[Result "0-1"]
[WhiteElo "2610"]
[BlackElo "2311"]
[TimeControl "180+1"]
[EndTime "13:51:10 PDT"]
[Termination "Chessbard1972 won by resignation"]

1. d4 Nf6 2. Nf3 g6 3. Bg5 Bg7 4. Nbd2 d5 5. e3 O-O 6. Bd3 c5 7.
c3 b6 8. O-O Bb7 9. Ne5 Ne4 10.
Nxe4 dxe4 11. Bc4 Nc6 12. Nxc6 Bxc6 13. dxc5 Qc7 14. cxb6 axb6 15. Qe2 h6 16. Bf4 e5 17. Bg3 Kh7 18. Rfd1 f5 19. h4 f4 20. exf4 exf4 21. Bh2 Be5 22. Qg4 h5 23. Qh3 Rad8 24. Qe6 Rde8 25.
Qh3 Re7 26. Bd5 Bd7 27. g4 fxg3 0-1

[Event "*** SCC Grand Prix: Titled Tuesday Blitz"]
[Site "Chess.com"]
[Date "2020.08.04"]
[Round "1"]
[White "cukin84"]
[Black "DanielRensch"]
[Result "0-1"]
[WhiteElo "2177"]
[BlackElo "2550"]
[TimeControl "180+1"]
[EndTime "13:51:14 PDT"]
[Termination "DanielRensch won by resignation"]

1. e4 c5 2. Nc3 Nc6 3. Bb5 e6 4.
Bxc6 bxc6 5. d3 Ne7 6. f4 Ba6 7. b3 g6 8. Nge2 Bg7 9. O-O O-O 10. e5 d5 11. exd6 Nd5 12. Bd2 Qxd6 13. Ne4 Qe7 14. Rb1 Rfd8 15. Qe1 Nb4 16. Qc1 Bb5 17. a4 Ba6 18. Be3 Rd5 19. N2c3 Rh5 20. Ng3 Bxc3 21. Nxh5 gxh5 22. Qd1 Qh4 23. Rf3 Nd5 24. Bxc5 Qf6 25. Qf1 Bd4+ 26. Bxd4 Qxd4+ 27. Kh1 Ne7 28. Re1 c5 29. Re5 Nf5 30. Qg1 Bb7 31. Rh3 h4 32.
Qxd4 cxd4 33. Kg1 Rc8 34. Rb5 Bd5 35. g4 hxg3 36. hxg3 Rxc2 37. g4 Ne3 38. Rb7 Bxb7 0-1

[Event "*** SCC Grand Prix: Titled Tuesday Blitz"]
[Site "Chess.com"]
[Date "2020.08.04"]
[Round "1"]
[White "RaunakSadhwani2005"]
[Black "albano87"]
[Result "1-0"]
[WhiteElo "2973"]
[BlackElo "2464"]
[TimeControl "180+1"]
[EndTime "13:51:15 PDT"]
[Termination "RaunakSadhwani2005 won by resignation"]

1. d4 d5 2. Bf4 Nc6 3. e3 b6 4. Nf3 Bb7 5. Nbd2 Nf6 6. Bd3 e6 7. O-O Bd6 8. Ne5 O-O 9. c3 Ne7 10. Bg3 c5 11. a4 a6 12. Qe2 c4 13. Bc2 b5 14. f3 Ng6 15. Kh1 Qc7 16. f4 Ne4 17.
Bxe4 dxe4 18. Ng4 f5 19. Ne5 Bxe5 20. fxe5 Qc6 21. Nb1 Rf7 22. Na3 Raf8 23. Nc2 f4 24. exf4 Nxf4 25. Bxf4 Rxf4 26. axb5 axb5 27. Ne3 Qc7 28.
Rxf4 Rxf4 29. Kg1 Qf7 30. Ra7 h6 31. h3 Qc7 32. Qe1 Qb6 33. Ra1 Qd8 34. Qg3 Qg5 35. Qxg5 hxg5 36. Ra5 Bc6 37. Ra6 Bd7 38. Rd6 Rf7 39.
d5 exd5 40. e6 Rf6 41. Rxd7 Rxe6 42. Rxd5 Rb6 43. Rxg5 b4 44. Nxc4 bxc3 45. Nxb6 cxb2 46. Rb5 1-0

[Event "*** SCC Grand Prix: Titled Tuesday Blitz"]
[Site "Chess.com"]
[Date "2020.08.04"]
[Round "1"]
[White "Guenplen"]
[Black "MichailovM"]
[Result "1-0"]
[WhiteElo "2857"]
[BlackElo "2424"]
[TimeControl "180+1"]
[EndTime "13:51:15 PDT"]
[Termination "Guenplen won by resignation"]

1. d4 Nf6 2. Bf4 g6 3. Nc3 Bg7 4. e4 d6 5. Qd2 a6 6. Bh6 Bxh6 7.
Qxh6 Nbd7 8. O-O-O e5 9. dxe5 Nxe5 10. Qd2 Be6 11. f4 Nc6 12. Nf3 O-O 13. f5 Bd7 14.
h3 Qe7 15. Qh6 Ne5 16. Ng5 Bc6 17. Ne2 Bxe4 18. Nf4 d5 19. Bd3 Bxd3 20. cxd3 Qc5+ 21. Kb1 d4 22. Rhf1 Qd6 23. g4 Rae8 24. Ng2 Kh8 25.
fxg6 fxg6 26. Rxf6 1-0

[Event "*** SCC Grand Prix: Titled Tuesday Blitz"]
[Site "Chess.com"]
[Date "2020.08.04"]
[Round "1"]
[White "Cambek64"]
[Black "Bulldog167"]
[Result "0-1"]
[WhiteElo "2363"]
[BlackElo "2727"]
[TimeControl "180+1"]
[EndTime "13:51:15 PDT"]
[Termination "Bulldog167 won by checkmate"]

1. d4 Nf6 2. Nf3 c5 3. dxc5 e6 4. e3 Bxc5 5. c4 O-O 6. Nc3 b6 7. Be2 Bb7 8. O-O Be7 9. b3 d6 10. Bb2 a6 11. Rc1 Nbd7 12. Nd4 Qc7 13. Bf3 Rfc8 14.
Bxb7 Qxb7 15. Qf3 Qc7 16. Rfd1 Ne5 17. Qe2 Qb7 18. h3 Nc6 19. Qf3 Rab8 20. Nxc6 Qxc6 21. Qxc6 Rxc6 22. Ne2 Rbc8 23. f3 Kf8 24. Kf2 Nd7 25. Bd4 g6 26. e4 f5 27. g4 fxe4 28. fxe4 Kf7 29. Rf1 Bf6 30. Ke3 Ke7 31. Bxf6+ Nxf6 32.
Nd4 R6c7 33. Ne2 Nd7 34. Rcd1 Ne5 35. Rd2 b5 36. cxb5 axb5 37. Rf4 g5 38. Rf1 Ra8 39.
Rf2 b4 40. Kd4 Rac8 41. Ke3 h6 42. Kd4 Rc3 43. Nxc3 Rxc3 44. a3 Nc6# 0-1